[Event "2025 Fred Maris Cup (Division A)"]
[Site "Woodvale, Perth WA AUS"]
[Date "2025.06.11"]
[Round "1"]
[White "Shamalka, Nimesh"]
[Black "Rahmani, Noor"]
[Result "1/2-1/2"]
[ECO "B22"]
[WhiteElo "1894"]
[BlackElo "2069"]
[PlyCount "120"]
[EventDate "2025.06.11"]
[EventType "swiss"]
[EventRounds "6"]
[EventCountry "AUS"]
[TimeControl "3600+30"]

1. e4 c5 2. c3 Nc6 3. d4 cxd4 4. cxd4 d5 5. exd5 Qxd5 6. Nf3 Bg4 7. Nc3 Qa5 8.
Bb5 e6 9. h3 Bxf3 10. Qxf3 Nge7 11. O-O a6 12. Ba4 b5 13. Bb3 Rd8 14. d5 Nd4
15. Qd1 Nxb3 16. Qxb3 Nxd5 17. Rd1 Nxc3 18. Rxd8+ Qxd8 19. Qxc3 Qd1+ 20. Kh2
Bd6+ 21. g3 O-O 22. b3 Qe2 23. Be3 Be7 24. Qa5 b4 25. Rc1 Bf6 26. Rc4 Bc3 27.
Qxa6 Qf3 28. Rc8 g6 29. Rxf8+ Kxf8 30. Bh6+ Ke7 31. Qa7+ Kf6 32. Qc5 Qd5 33.
Qe3 g5 34. Bf8 Kg6 35. Qe2 h5 36. Qc2+ f5 37. a3 h4 38. Bxb4 hxg3+ 39. fxg3
Bxb4 40. axb4 Qd4 41. b5 Qb4 42. Qc4 Qd2+ 43. Kg1 Kf6 44. b4 Qe3+ 45. Kg2 f4
46. gxf4 gxf4 47. b6 Qg3+ 48. Kf1 Qxh3+ 49. Kf2 Qh2+ 50. Kf1 Qh3+ 51. Kf2 Qg3+
52. Kf1 f3 53. Qc3+ e5 54. Qc6+ Kg5 55. Qc1+ Kh5 56. Qe3 Qg2+ 57. Ke1 Qh1+ 58.
Kf2 Qg2+ 59. Ke1 Qh1+ 60. Kd2 Qg2+ 1/2-1/2

[Event "2025 Fred Maris Cup (Division A)"]
[Site "Woodvale, Perth WA AUS"]
[Date "2025.06.11"]
[Round "1"]
[White "Selby, Michael"]
[Black "Janceski, Alex"]
[Result "1-0"]
[ECO "B20"]
[WhiteElo "2048"]
[BlackElo "1838"]
[PlyCount "75"]
[EventDate "2025.06.11"]
[EventType "swiss"]
[EventRounds "6"]
[EventCountry "AUS"]
[TimeControl "3600+30"]

1. e4 c5 2. a3 d6 3. b4 Nf6 4. Nc3 cxb4 5. axb4 b6 6. Nf3 Bb7 7. Bb5+ Bc6 8.
Qe2 Bxb5 9. Qxb5+ Nfd7 10. Qd5 Na6 11. Rxa6 e6 12. Qb3 Be7 13. O-O O-O 14. d3
h6 15. Be3 Qc7 16. Nb5 Qc6 17. Nfd4 Qc8 18. Rfa1 Rd8 19. Rxa7 Rxa7 20. Rxa7 Bf8
21. h3 Nb8 22. Rc7 Qa6 23. c4 Qa1+ 24. Kh2 Qe1 25. Nf3 Qf1 26. Bxb6 Nd7 27. Be3
Ne5 28. Nxe5 dxe5 29. Qb2 Qxd3 30. Qxe5 Bxb4 31. Qf4 Rf8 32. Qg3 g5 33. Bc5
Qxg3+ 34. Kxg3 Bxc5 35. Rxc5 Kg7 36. f4 f6 37. Rc7+ Kg6 38. Re7 1-0

[Event "2025 Fred Maris Cup (Division A)"]
[Site "Woodvale, Perth WA AUS"]
[Date "2025.06.11"]
[Round "1"]
[White "Taylor, Leon"]
[Black "Curthoys, Edward"]
[Result "1-0"]
[ECO "D38"]
[WhiteElo "2027"]
[BlackElo "1834"]
[PlyCount "33"]
[EventDate "2025.06.11"]
[EventType "swiss"]
[EventRounds "6"]
[EventCountry "AUS"]
[TimeControl "3600+30"]

1. d4 Nf6 2. c4 e6 3. Nc3 Bb4 4. Qc2 d5 5. Nf3 h6 6. a3 Bxc3+ 7. Qxc3 O-O 8.
Bf4 b6 9. e3 Ne4 10. Qc2 c6 11. Bd3 Nf6 12. Ne5 Bb7 13. O-O Nh5 14. Bg3 Nxg3
15. fxg3 Qe7 16. Bh7+ Kh8 17. Rxf7 1-0

[Event "2025 Fred Maris Cup (Division A)"]
[Site "Woodvale, Perth WA AUS"]
[Date "2025.06.11"]
[Round "1"]
[White "Sheikh, Suhail"]
[Black "Plaganyi, Gyula"]
[Result "0-1"]
[ECO "B21"]
[WhiteElo "1718"]
[BlackElo "1970"]
[BlackTitle "CM"]
[PlyCount "111"]
[EventDate "2025.06.11"]
[EventType "swiss"]
[EventRounds "6"]
[EventCountry "AUS"]
[TimeControl "3600+30"]

1. e4 c5 2. d4 cxd4 3. Qxd4 Nc6 4. Qa4 g6 5. Nf3 Bg7 6. c3 Nf6 7. Bc4 O-O 8.
Bd3 d5 9. O-O dxe4 10. Bxe4 Nxe4 11. Qxe4 Bf5 12. Qf4 e5 13. Qg3 Qb6 14. Nbd2
Rad8 15. Nb3 a5 16. Be3 Qb5 17. Qh4 a4 18. Nc5 Rd5 19. Ng5 h6 20. Nge4 g5 21.
Qg3 Bg6 22. Qf3 Rfd8 23. b3 Bxe4 24. Nxe4 axb3 25. axb3 Rd3 26. b4 Ne7 27. Ra5
Qc6 28. Rc5 Qg6 29. Ng3 R8d7 30. Qg4 f5 31. Qc4+ Kh7 32. Rc7 f4 33. Rxd7 Rxd7
34. Ne4 fxe3 35. fxe3 Nf5 36. Kf2 Nd6 37. Nxd6 Qxd6 38. e4 Qc6 39. Qxc6 bxc6
40. Ke3 Kg6 41. h3 Bf6 42. g4 Bd8 43. Rf5 Bf6 44. Rf2 Rd6 45. Rd2 Rxd2 46. Kxd2
Kf7 47. Kd3 Ke6 48. c4 Kd6 49. Kc3 Bd8 50. Kb3 Bb6 51. Ka4 Be3 52. Ka5 Bd2 53.
Ka4 Kc7 54. c5 Kb7 55. b5 cxb5+ 56. Kxb5 0-1

[Event "2025 Fred Maris Cup (Division A)"]
[Site "Woodvale, Perth WA AUS"]
[Date "2025.06.11"]
[Round "1"]
[White "Gough, Dylan"]
[Black "Rafiei Darani, Daryoush"]
[Result "0-1"]
[ECO "E90"]
[WhiteElo "1784"]
[BlackElo "1940"]
[PlyCount "96"]
[EventDate "2025.06.11"]
[EventType "swiss"]
[EventRounds "6"]
[EventCountry "AUS"]
[TimeControl "3600+30"]

1. d4 Nf6 2. c4 g6 3. Nf3 Bg7 4. Nc3 d6 5. e4 O-O 6. h3 e5 7. dxe5 dxe5 8. Bg5
Qxd1+ 9. Rxd1 c6 10. Be2 Na6 11. O-O Nc5 12. Nd2 Ne6 13. Be3 Nd7 14. b4 Nd4 15.
Bd3 f5 16. f4 exf4 17. Bxf4 Ne6 18. Ne2 Nxf4 19. Nxf4 Ne5 20. Be2 Bh6 21. g3 g5
22. Ng2 f4 23. gxf4 gxf4 24. Kh2 Be6 25. a3 Rad8 26. Ne1 Nxc4 27. Bxc4 Bxc4 28.
Rg1+ Kh8 29. Nef3 Be2 30. Rde1 Rxd2 31. Nxd2 f3 32. Nf1 Bg7 33. Rxg7 Kxg7 34.
Ng3 Kf6 35. Nxe2 fxe2 36. Rxe2 Ke5 37. Rd2 Rf7 38. Re2 b6 39. Kg3 c5 40. b5 c4
41. Rc2 Kd4 42. e5 c3 43. e6 Re7 44. Re2 Kd3 45. Re1 Kd2 46. Re4 c2 47. Rd4+
Kc3 48. Rd7 c1=Q 0-1

[Event "2025 Fred Maris Cup (Division A)"]
[Site "Woodvale, Perth WA AUS"]
[Date "2025.06.12"]
[Round "1"]
[White "Wolstencroft, Alan"]
[Black "Clarke, Daniel"]
[Result "1/2-1/2"]
[ECO "C92"]
[WhiteElo "1794"]
[BlackElo "1908"]
[PlyCount "126"]
[EventDate "2025.06.11"]
[EventType "swiss"]
[EventRounds "6"]
[EventCountry "AUS"]
[TimeControl "3600+30"]

{Played at Metropolitan Chess Club} 1. e4 e5 2. Nf3 Nc6 3. Bb5 a6 4. Ba4 Nf6 5.
d3 d6 6. c3 Be7 7. O-O O-O 8. Nbd2 b5 9. Bb3 Na5 10. Bc2 c5 11. Re1 Bb7 12. Nf1
Re8 13. Ng3 Bf8 14. h3 g6 15. Bg5 Bg7 16. Qd2 Qc7 17. Rad1 Nc6 18. Bb1 a5 19.
a3 b4 20. axb4 axb4 21. Bc2 bxc3 22. bxc3 Ra2 23. Re2 Rea8 24. Bh6 Rxc2 25.
Qxc2 Bxh6 26. Rb1 Nd8 27. Qb3 Bc6 28. Reb2 Nd7 29. Nf1 Ne6 30. Ne3 Bxe3 31.
fxe3 Rb8 32. Qa2 Rxb2 33. Qxb2 {(=)} c4 34. dxc4 Bxe4 35. Rd1 Nec5 36. Qb5 Qb6
37. Qxb6 Nxb6 38. Rxd6 Nxc4 39. Rd8+ Kg7 40. Rc8 Nxe3 41. Rxc5 f6 {(=)} 42. Kf2
Nc2 43. g3 h5 44. Rc7+ Kf8 45. h4 Bd3 46. Ne1 Nxe1 47. Kxe1 e4 48. Kf2 Bc2 49.
Ke3 Bb1 50. c4 Bc2 51. c5 g5 52. hxg5 fxg5 53. Rh7 h4 54. gxh4 gxh4 55. Rxh4
Ke7 56. Rh6 Kd7 57. Kd4 Kc7 58. Re6 Kd7 59. Rf6 Kc7 {[1]} 60. Rb6 Bd3 61. Rf6
Bc2 {[2]} 62. Rf1 Kc6 63. Rf6+ Kc7 {[3] Draw claimed by threefold repetition.}
1/2-1/2

[Event "2025 Fred Maris Cup (Division B)"]
[Site "Woodvale, Perth WA AUS"]
[Date "2025.06.11"]
[Round "1"]
[White "Curtis, Calan"]
[Black "Shaw, Robin"]
[Result "1-0"]
[ECO "D00"]
[WhiteElo "1677"]
[BlackElo "1712"]
[PlyCount "77"]
[EventDate "2025.06.11"]
[EventType "tourn"]
[EventRounds "5"]
[EventCountry "AUS"]
[TimeControl "3600+30"]

1. d4 Nf6 2. Nf3 g6 3. Nc3 d5 4. Bf4 c6 5. Qd2 Bf5 6. h3 h5 7. e3 b5 8. Bd3 b4
9. Na4 Bxd3 10. cxd3 Nbd7 11. Rc1 Rc8 12. O-O e6 13. Ne5 Qa5 14. b3 c5 15. dxc5
Rxc5 16. Nxc5 Bxc5 17. d4 Ne4 18. Qe2 Nxe5 19. Bxe5 f6 20. Bh2 Be7 21. Rc8+ Bd8
22. Bc7 Qxc7 23. Rxc7 Bxc7 24. Qb5+ Kd8 25. Qxb4 Nd6 26. Rc1 Kd7 27. Qa4+ Kd8
28. Qxa7 Rh7 29. Qa8+ Nc8 30. b4 Rd7 31. b5 Rd6 32. Qb7 Rd7 33. Kf1 Nd6 34.
Qa8+ Ke7 35. a4 Nc4 36. Qc6 Ba5 37. Rxc4 dxc4 38. b6 c3 39. Qc5+ 1-0

[Event "2025 Fred Maris Cup (Division B)"]
[Site "Woodvale, Perth WA AUS"]
[Date "2025.06.11"]
[Round "1"]
[White "Leech, Martin"]
[Black "Hapugala, Amila"]
[Result "0-1"]
[ECO "B07"]
[WhiteElo "1646"]
[BlackElo "1664"]
[PlyCount "48"]
[EventDate "2025.06.11"]
[EventType "tourn"]
[EventRounds "5"]
[EventCountry "AUS"]
[TimeControl "3600+30"]

1. e4 d6 2. d4 g6 3. Nc3 Bg7 4. Be3 Nf6 5. f3 O-O 6. Qd2 Re8 7. h4 h5 8. O-O-O
Nbd7 9. Bd3 c6 10. Nge2 e5 11. Bg5 Qc7 12. Rdg1 b5 13. g4 a5 14. gxh5 Nxh5 15.
Bh6 Bh8 16. Qg5 Kh7 17. f4 Bf6 18. Qg2 Kxh6 19. f5 Rg8 20. Ng3 Bb7 21. Nxh5
gxh5 22. Qd2+ Kh7 23. Qd1 Bg7 24. Qxh5+ Bh6+ 0-1

[Event "2025 Fred Maris Cup (Division C)"]
[Site "Woodvale, Perth WA AUS"]
[Date "2025.06.11"]
[Round "1"]
[White "Porteus, Grant"]
[Black "Hagendoorn, Mark"]
[Result "0-1"]
[ECO "B50"]
[WhiteElo "1420"]
[BlackElo "1599"]
[PlyCount "56"]
[EventDate "2025.06.11"]
[EventType "tourn"]
[EventRounds "5"]
[EventCountry "AUS"]
[TimeControl "3600+30"]

1. e4 c5 2. Nf3 d6 3. c3 e5 4. Na3 Nf6 5. Bd3 Be7 6. Nc2 O-O 7. Ne3 Be6 8. Ng5
Nc6 9. Nxe6 fxe6 10. Qb3 Qd7 11. O-O d5 12. Bb5 Nxe4 13. d3 Nd6 14. Bxc6 Qxc6
15. Ng4 Nf7 16. f4 Bd6 17. Bd2 h5 18. Nf2 exf4 19. Nh3 e5 20. Qd1 g6 21. b4
Rae8 22. Qc2 Kg7 23. Rac1 b6 24. a3 Qd7 25. d4 g5 26. Nf2 e4 27. Be1 g4 28. Qd1
c4 0-1

[Event "2025 Fred Maris Cup (Division C)"]
[Site "Woodvale, Perth WA AUS"]
[Date "2025.06.11"]
[Round "1"]
[White "Howard, Mark"]
[Black "Michael, Ashley"]
[Result "1-0"]
[ECO "C48"]
[WhiteElo "1470"]
[BlackElo "1642"]
[PlyCount "63"]
[EventDate "2025.06.11"]
[EventType "tourn"]
[EventRounds "5"]
[EventCountry "AUS"]
[TimeControl "3600+30"]

1. e4 Nf6 2. Nc3 e5 3. Nf3 Nc6 4. Bb5 Bc5 5. O-O d6 6. Bxc6+ bxc6 7. h3 O-O 8.
d3 h6 9. Be3 Bb6 10. Bxb6 cxb6 11. Qe2 Re8 12. Rad1 Qe7 13. Rfe1 a5 14. Qe3 b5
15. Ne2 d5 16. Ng3 d4 17. Qd2 Qc7 18. Nh4 c5 19. Nhf5 Bxf5 20. Nxf5 Kh7 21. c3
Ng8 22. cxd4 cxd4 23. Rc1 Qd7 24. Rc5 g6 25. Ng3 b4 26. Rec1 Qe6 27. b3 Ne7 28.
f4 f6 29. f5 Qd6 30. fxg6+ Kg7 31. Rc7 Rac8 32. Nf5+ 1-0

[Event "2025 Fred Maris Cup (Division D)"]
[Site "Woodvale, Perth WA AUS"]
[Date "2025.06.11"]
[Round "1"]
[White "Lowson, Jeremy"]
[Black "Walker, Colin"]
[Result "1-0"]
[ECO "B40"]
[WhiteElo "1373"]
[BlackElo "1413"]
[PlyCount "75"]
[EventDate "2025.06.11"]
[EventType "tourn"]
[EventRounds "5"]
[EventCountry "AUS"]
[TimeControl "3600+30"]

1. e4 c5 2. d4 e6 3. Nf3 d6 4. dxc5 Qa5+ 5. Nc3 Qxc5 6. Be3 Qc7 7. Bd3 a6 8.
O-O Nc6 9. Nd4 Nf6 10. Qf3 Ne5 11. Qg3 Ng6 12. f4 Rg8 13. e5 Nd7 14. f5 Ngxe5
15. f6 Nxd3 16. cxd3 Ne5 17. fxg7 Rxg7 18. Qh3 Ng6 19. Qf3 Ne5 20. Qh5 Ng4 21.
Bd2 Qc5 22. Qxc5 dxc5 23. Nb3 Ne5 24. Rad1 Nc6 25. Ne4 Be7 26. Nbxc5 Bxc5+ 27.
Nxc5 Ne7 28. Rf3 b6 29. Ne4 Nf5 30. h3 Bb7 31. g4 Rd8 32. Kh2 Bxe4 33. dxe4 Nh4
34. Rf2 Ng6 35. Rdf1 Rd7 36. Rc1 Rb7 37. Bh6 Rg8 38. Rc8+ 1-0

[Event "2025 Fred Maris Cup (Division E)"]
[Site "Woodvale, Perth WA AUS"]
[Date "2025.06.11"]
[Round "1"]
[White "O'Donnell, Simon"]
[Black "Powell, Darren"]
[Result "1-0"]
[ECO "C48"]
[WhiteElo "1219"]
[BlackElo "1245"]
[PlyCount "73"]
[EventDate "2025.06.11"]
[EventType "tourn"]
[EventRounds "5"]
[EventCountry "AUS"]
[TimeControl "3600+30"]

1. e4 e5 2. Nf3 Nc6 3. Bb5 Nf6 4. d3 Bc5 5. Bxc6 dxc6 6. Nc3 Ng4 7. O-O Qd6 8.
Ne2 Be6 9. Nxe5 Qxe5 10. Bf4 Qf6 11. d4 O-O-O 12. c3 Bc4 13. Bg3 Qg6 14. b3
Bxe2 15. Qxe2 Bb6 16. h3 Nf6 17. Rfe1 Rhe8 18. e5 Nd5 19. Rac1 Kb8 20. c4 Nb4
21. Red1 Bxd4 22. c5 Qh6 23. Rc4 Bxf2+ 24. Bxf2 Rxd1+ 25. Qxd1 Nd5 26. Qf3 Qg6
27. Rg4 Qb1+ 28. Kh2 f6 29. Rxg7 fxe5 30. Qf7 Rc8 31. Rg8 b6 32. cxb6 axb6 33.
Bg3 Qb2 34. Rxc8+ Kxc8 35. Qe6+ Kb7 36. Bxe5 Ne3 37. Bxb2 1-0

[Event "2025 Fred Maris Cup (Division E)"]
[Site "Woodvale, Perth WA AUS"]
[Date "2025.06.11"]
[Round "1"]
[White "Owen, Geoff"]
[Black "Lanham, Bruce"]
[Result "0-1"]
[ECO "B28"]
[WhiteElo "1197"]
[BlackElo "1235"]
[PlyCount "82"]
[EventDate "2025.06.11"]
[EventType "tourn"]
[EventRounds "5"]
[EventCountry "AUS"]
[TimeControl "3600+30"]

1. e4 c5 2. c3 a6 3. d4 cxd4 4. cxd4 e6 5. Nc3 Nf6 6. e5 Nd5 7. Nf3 b5 8. Nxd5
exd5 9. Qb3 Bb7 10. Bd3 d6 11. O-O dxe5 12. Re1 e4 13. Ng5 Be7 14. Bxb5+ axb5
15. Qxb5+ Bc6 16. Qb3 Bxg5 17. f4 Be7 18. Bd2 O-O 19. Qh3 Qb6 20. Bc3 Bb4 21.
Re3 Bxc3 22. bxc3 Nd7 23. Rf1 Rxa2 24. Rfe1 Nf6 25. g4 Bd7 26. f5 Rfa8 27. g5
Ne8 28. Qh4 Bxf5 29. Rf1 Ra1 30. Qf4 Rxf1+ 31. Qxf1 Bg6 32. Re1 Qb2 33. Rb1
Qxc3 34. Qd1 Qe3+ 35. Kf1 Qf3+ 36. Ke1 Qxd1+ 37. Kxd1 Ra4 38. Rb8 Rxd4+ 39. Kc2
Kf8 40. Kc3 Rd3+ 41. Kc2 e3 0-1

[Event "2025 Fred Maris Cup (Division E)"]
[Site "Woodvale, Perth WA AUS"]
[Date "2025.06.11"]
[Round "1"]
[White "Dawoud, Ahmad"]
[Black "Batahena, Ayun"]
[Result "0-1"]
[ECO "E94"]
[WhiteElo "1238"]
[BlackElo "737"]
[PlyCount "98"]
[EventDate "2025.06.11"]
[EventType "tourn"]
[EventRounds "5"]
[EventCountry "AUS"]
[TimeControl "3600+30"]

1. d4 Nf6 2. c4 d6 3. Nc3 g6 4. e4 Bg7 5. Nf3 O-O 6. Be2 Nbd7 7. O-O e5 8. d5
Nc5 9. Qc2 Re8 10. b4 Na6 11. a3 c6 12. Be3 Ng4 13. Qd2 Nxe3 14. Qxe3 f5 15. c5
f4 16. Qd2 dxc5 17. Bxa6 bxa6 18. bxc5 Qa5 19. dxc6 Qxc5 20. Qd5+ Qxd5 21. Nxd5
Rf8 22. Rab1 Be6 23. Nc7 Ba2 24. Rb2 Bc4 25. Nxa8 Bxf1 26. c7 Bb5 27. a4 Bc6
28. Rb8 Bd7 29. Rxf8+ Kxf8 30. c8=Q+ Bxc8 31. Nc7 Ke7 32. Nd5+ Kd6 33. Nd2 Kc5
34. f3 Bb7 35. Nc3 Kb4 36. Ndb1 Bc6 37. Kf1 Bxa4 38. Nxa4 Kxa4 39. Ke1 Kb4 40.
Kd1 a5 41. Kc2 a4 42. Kb2 Bf8 43. Na3 a6 44. Nc2+ Kc4 45. g3 g5 46. g4 h6 47.
Ne1 a3+ 48. Ka2 Kc3 49. Ng2 Kd2 0-1

[Event "2025 Fred Maris Cup (Division F)"]
[Site "Woodvale, Perth WA AUS"]
[Date "2025.06.11"]
[Round "1"]
[White "Frankland, David"]
[Black "Young, Manfred"]
[Result "0-1"]
[ECO "D00"]
[WhiteElo "1159"]
[BlackElo "1125"]
[PlyCount "88"]
[EventDate "2025.06.11"]
[EventType "tourn"]
[EventRounds "5"]
[EventCountry "AUS"]
[TimeControl "3600+30"]

1. d4 d5 2. h3 Nf6 3. Nc3 e6 4. a3 h6 5. e3 a6 6. Nf3 Bd6 7. b4 c6 8. Qe2 O-O
9. Qd3 Bd7 10. Ne5 b6 11. Be2 c5 12. dxc5 bxc5 13. Nxd7 c4 14. Nxf6+ Qxf6 15.
Qd1 Qxc3+ 16. Bd2 Qf6 17. Bf3 Be5 18. c3 Bxc3 19. Bxc3 Qxc3+ 20. Kf1 f5 21. Qe1
Qe5 22. h4 Nc6 23. Rh3 Rad8 24. Rc1 Qb2 25. Qc3 Qxc3 26. Rxc3 Rb8 27. Rg3 a5
28. bxa5 Nxa5 29. Rc2 Rb3 30. Rg6 Rf6 31. Rxf6 gxf6 32. Ra2 Rb1+ 33. Ke2 Nb3
34. a4 Nc1+ 35. Kd2 Nxa2 36. Kc2 Rb8 37. Bd1 Nb4+ 38. Kc3 Nc6 39. f4 Na5 40.
Kd4 Kf7 41. Bh5+ Ke7 42. Bd1 Rb7 43. Bf3 Rb3 44. Be2 Kd6 0-1

[Event "2025 Fred Maris Cup (Division A)"]
[Site "Woodvale, Perth WA AUS"]
[Date "2025.06.18"]
[Round "2"]
[White "Maris, Rob"]
[Black "Selby, Michael"]
[Result "1/2-1/2"]
[ECO "A93"]
[WhiteElo "2004"]
[BlackElo "2048"]
[PlyCount "101"]
[EventDate "2025.06.11"]
[EventType "swiss"]
[EventRounds "6"]
[EventCountry "AUS"]
[TimeControl "3600+30"]

1. c4 f5 2. d4 e6 3. g3 d5 4. Nf3 Nf6 5. Bg2 Be7 6. b3 O-O 7. O-O Ne4 8. Ne5 c6
9. f3 Ng5 10. Bb2 f4 11. Qc1 fxg3 12. hxg3 Nd7 13. Nxd7 Bxd7 14. Nd2 e5 15. e4
dxe4 16. Nxe4 Nxe4 17. fxe4 Rxf1+ 18. Qxf1 exd4 19. Bxd4 Bg4 20. Qf2 Qc7 21.
Rf1 Rf8 22. Qe3 Rxf1+ 23. Bxf1 b6 24. Bg2 h6 25. e5 c5 26. Bd5+ Kh8 27. Bc3 Bf5
28. Qf4 Bg6 29. Qg4 Kh7 30. Kg2 Qd8 31. Kh2 Qf8 32. Qf4 Qf5 33. Qxf5 Bxf5 34.
a3 a5 35. e6 Bd6 36. Bc6 Bxe6 37. Be4+ Kg8 38. Kg2 Bg4 39. Bc2 Kf7 40. Kf2 h5
41. Kg2 g5 42. Bd2 Kf6 43. Bc3+ Be5 44. Be1 Bd4 45. b4 cxb4 46. axb4 axb4 47.
Bxb4 Ke5 48. Be7 Be3 49. Bg6 Bc5 50. Bxg5 Be2 51. Bf7 1/2-1/2

[Event "2025 Fred Maris Cup (Division A)"]
[Site "Woodvale, Perth WA AUS"]
[Date "2025.06.18"]
[Round "2"]
[White "Plaganyi, Gyula"]
[Black "Taylor, Leon"]
[Result "1/2-1/2"]
[ECO "C26"]
[WhiteElo "1970"]
[WhiteTitle "CM"]
[BlackElo "2027"]
[PlyCount "134"]
[EventDate "2025.06.11"]
[EventType "swiss"]
[EventRounds "6"]
[EventCountry "AUS"]
[TimeControl "3600+30"]

1. e4 e5 2. Nf3 Nf6 3. Nc3 Nc6 4. g3 Bc5 5. Bg2 d6 6. d3 h6 7. O-O Be6 8. Na4
O-O 9. Nxc5 dxc5 10. Be3 b6 11. h3 Qd7 12. Kh2 Rad8 13. b3 Qe7 14. Qc1 Nh7 15.
Qb2 Bc8 16. Ng1 g5 17. f4 f6 18. Rf2 Nd4 19. Raf1 Rf7 20. Qc1 Rdf8 21. f5 Rd8
22. Bf3 Rg7 23. Bd1 Nf8 24. Ne2 b5 25. Qa3 a6 26. c3 b4 27. Qb2 Nb5 28. c4 Nd4
29. Nxd4 cxd4 30. Bc1 c5 31. a3 a5 32. axb4 axb4 33. Qa1 Bb7 34. Ra2 Bc6 35.
Rff2 Qb7 36. Bf3 Rc7 37. Ra5 Ra8 38. Rfa2 Rxa5 39. Rxa5 Nd7 40. Bd2 Kf8 41. Kg2
Ke7 42. h4 Qb6 43. Ra6 Qb8 44. hxg5 hxg5 45. Qh1 Qg8 46. Qh6 Nf8 47. Ra5 Be8
48. Ra6 Bc6 49. Qh1 Nd7 50. Bg4 Kd6 51. Qa1 Ke7 52. Qa5 Qb8 53. Qa1 Qb7 54. Bf3
Kd6 55. Bh5 Nf8 56. Be8 Nd7 57. Ra2 Ke7 58. Bh5 Kd6 59. Qh1 Nf8 60. Qa1 Nd7 61.
Bf7 Nb6 62. Bd5 Bxd5 63. cxd5 Rc8 64. Ra7 Qb8 65. Qa6 Rc7 66. Rxc7 Qxc7 67. Qb5
Ke7 1/2-1/2

[Event "2025 Fred Maris Cup (Division A)"]
[Site "Woodvale, Perth WA AUS"]
[Date "2025.06.18"]
[Round "2"]
[White "Rahmani, Noor"]
[Black "Verma, Abhinav"]
[Result "1-0"]
[ECO "E60"]
[WhiteElo "2069"]
[BlackElo "1830"]
[PlyCount "135"]
[EventDate "2025.06.11"]
[EventType "swiss"]
[EventRounds "6"]
[EventCountry "AUS"]
[TimeControl "3600+30"]

1. d4 Nf6 2. c4 g6 3. Nc3 Bg7 4. b3 O-O 5. Bb2 d6 6. Nf3 Nbd7 7. e3 e5 8. Bd3
Re8 9. Qc2 exd4 10. Nxd4 Ne5 11. Be2 Bd7 12. O-O a6 13. Rad1 Qe7 14. Rfe1 Rad8
15. Nf3 Bc6 16. Nd5 Nxd5 17. cxd5 Bb5 18. Nxe5 dxe5 19. Bxb5 axb5 20. e4 Ra8
21. Bc3 Qc5 22. Qd2 Red8 23. Rc1 Qb6 24. Qb2 f6 25. Bb4 Bf8 26. Bxf8 Kxf8 27.
Rc2 c6 28. Rd2 cxd5 29. exd5 Qa5 30. Red1 Kg7 31. d6 Rd7 32. b4 Qb6 33. Qb3 Re8
34. Qh3 Qc6 35. Qb3 Qc4 36. Qb2 Red8 37. Rd5 Qg4 38. Qd2 Qe6 39. Qd3 b6 40. f3
Kg8 41. Kf2 f5 42. Ke3 Qf6 43. Qb3 Kh8 44. Qd3 Qg5+ 45. Ke2 Qxg2+ 46. Ke1 Qg1+
47. Qf1 Qe3+ 48. Qe2 Qc3+ 49. Kf1 e4 50. fxe4 fxe4 51. Qxe4 Qc4+ 52. Qxc4 bxc4
53. b5 Kg7 54. Ke2 Kf6 55. R5d4 Ke6 56. Rxc4 Rxd6 57. Rxd6+ Rxd6 58. Rh4 h5 59.
Re4+ Kf5 60. Rc4 Ke5 61. a4 Rd4 62. Rxd4 Kxd4 63. a5 bxa5 64. b6 Kc3 65. b7 a4
66. b8=Q a3 67. Qe5+ Kb3 68. Qa1 1-0

[Event "2025 Fred Maris Cup (Division A)"]
[Site "Woodvale, Perth WA AUS"]
[Date "2025.06.18"]
[Round "2"]
[White "Clarke, Daniel"]
[Black "Leonhardt, Wolfgang"]
[Result "1-0"]
[ECO "B85"]
[WhiteElo "1908"]
[BlackElo "1714"]
[PlyCount "83"]
[EventDate "2025.06.11"]
[EventType "swiss"]
[EventRounds "6"]
[EventCountry "AUS"]
[TimeControl "3600+30"]

1. e4 c5 2. Nf3 Nc6 3. d4 cxd4 4. Nxd4 a6 5. Nc3 d6 6. Be3 Nf6 7. Be2 e6 8. O-O
Be7 9. f4 O-O 10. Bf3 Qc7 11. Qe1 Nxd4 12. Bxd4 e5 13. Be3 Ng4 14. Nd5 Qd8 15.
Bb6 Qe8 16. Nc7 Qc6 17. Nxa8 Bd7 18. Bxg4 Bxg4 19. f5 Rxa8 20. Ba5 f6 21. Bc3
Bh5 22. b3 Rc8 23. Bb2 d5 24. Rc1 Be8 25. exd5 Qxd5 26. c4 Bc5+ 27. Kh1 Qd6 28.
Rd1 Qe7 29. Bc1 Bc6 30. Be3 Bb4 31. Bd2 Bc5 32. Be3 Bb4 33. Qe2 b5 34. c5 Bxc5
35. Bxc5 Qxc5 36. Rc1 Qe7 37. Rfd1 e4 38. Qd2 e3 39. Qe2 Qe4 40. Re1 Re8 41.
Rc3 Qxf5 42. Rxc6 1-0

[Event "2025 Fred Maris Cup (Division A)"]
[Site "Woodvale, Perth WA AUS"]
[Date "2025.06.18"]
[Round "2"]
[White "O'Shaughnessy, Dave"]
[Black "Shamalka, Nimesh"]
[Result "1/2-1/2"]
[WhiteElo "1811"]
[BlackElo "1894"]
[PlyCount "132"]
[EventDate "2025.06.11"]
[EventType "swiss"]
[EventRounds "6"]
[EventCountry "AUS"]
[TimeControl "3600+30"]

1. Nf3 c5 2. b3 Nc6 3. Bb2 d5 4. e3 Nf6 5. d4 a6 6. Be2 Bf5 7. O-O e6 8. c4
cxd4 9. Nxd4 Nxd4 10. Qxd4 dxc4 11. Qxc4 Be7 12. Rd1 Qc8 13. Qxc8+ Rxc8 14. Bf3
b5 15. Bb7 Rc2 16. Rd2 O-O 17. Bxa6 b4 18. Rxc2 Bxc2 19. Nd2 Rd8 20. Nf3 Nd5
21. Rc1 Bg6 22. Bc4 h6 23. Ne5 Bf6 24. Bxd5 Rxd5 25. Nxg6 fxg6 26. Bxf6 gxf6
27. Rc8+ Kf7 28. Rc7+ Ke8 29. g3 Rb5 30. Kf1 Ra5 31. Rc2 Kd7 32. Rc4 Rxa2 33.
Rxb4 Rb2 34. Rb6 h5 35. h4 Rb1+ 36. Kg2 Rb2 37. Rb7+ Kd6 38. Rg7 Rxb3 39. Rxg6
Ke7 40. Rg7+ Kf8 41. Rh7 Rb5 42. e4 Re5 43. Kf3 Kg8 44. Rc7 Ra5 45. Kf4 Ra2 46.
f3 Ra5 47. Re7 Ra6 48. g4 Kf8 49. Rh7 hxg4 50. Kxg4 Ra5 51. Rb7 f5+ 52. exf5
Rxf5 53. h5 Kg8 54. f4 Kf8 55. h6 Kg8 56. h7+ Kh8 57. Re7 Ra5 58. Kh4 Rb5 59.
Kg4 Ra5 60. Rxe6 Kxh7 61. Kf3 Kg7 62. Ke4 Kf7 63. Rc6 Rb5 64. f5 Rb4+ 65. Ke5
Rb5+ 66. Kf4 Rb4+ 1/2-1/2

[Event "2025 Fred Maris Cup (Division A)"]
[Site "Woodvale, Perth WA AUS"]
[Date "2025.06.18"]
[Round "2"]
[White "Curthoys, Edward"]
[Black "Gough, Dylan"]
[Result "1/2-1/2"]
[ECO "A28"]
[WhiteElo "1834"]
[BlackElo "1784"]
[PlyCount "38"]
[EventDate "2025.06.11"]
[EventType "swiss"]
[EventRounds "6"]
[EventCountry "AUS"]
[TimeControl "3600+30"]

1. c4 Nf6 2. Nc3 e5 3. Nf3 Nc6 4. e3 Bb4 5. Qc2 Bxc3 6. bxc3 d6 7. Be2 Ne7 8.
d3 c5 9. O-O O-O 10. e4 h6 11. Ne1 Ng6 12. f4 exf4 13. Bxf4 Bg4 14. Bg3 h5 15.
h3 Bxe2 16. Qxe2 h4 17. Bf2 Nf4 18. Qd2 N6h5 19. Be3 Ng6 1/2-1/2

[Event "2025 Fred Maris Cup (Division B)"]
[Site "Woodvale, Perth WA AUS"]
[Date "2025.06.18"]
[Round "2"]
[White "Hapugala, Amila"]
[Black "Bhatia, Abhay"]
[Result "1-0"]
[ECO "D30"]
[WhiteElo "1664"]
[BlackElo "1688"]
[PlyCount "88"]
[EventDate "2025.06.11"]
[EventType "tourn"]
[EventRounds "5"]
[EventCountry "AUS"]
[TimeControl "3600+30"]

1. d4 d5 2. c4 e6 3. a3 Nf6 4. Nf3 c5 5. Bf4 Nc6 6. e3 Qa5+ 7. Nc3 Ne4 8. Qc1
cxd4 9. exd4 dxc4 10. Bxc4 Nxc3 11. Qxc3 Qd8 12. O-O Na5 13. Bb5+ Nc6 14. Ne5
Bd7 15. Nxc6 bxc6 16. Bxc6 Rc8 17. Bxd7+ Qxd7 18. Qd2 Be7 19. Be3 O-O 20. Rac1
Rb8 21. Rfd1 Bf6 22. Bf4 Rb7 23. Be5 Be7 24. Qe2 Qd5 25. Rc7 Rxc7 26. Bxc7 Rc8
27. Be5 Qb3 28. h3 Rc2 29. Rd2 Rc1+ 30. Kh2 Bg5 31. Rd3 Qb5 32. Qf3 Rc8 33. Rb3
Qe8 34. Qg4 f6 35. Bf4 Bxf4+ 36. Qxf4 Qd7 37. Qf3 Qc7+ 38. Qg3 Qc1 39. Rb7 g5
40. Qd6 Re8 41. Rc7 Qd2 42. f3 a6 43. Ra7 a5 44. Qc7 Re7 1-0